 Dungeon Crawl Stone Soup version 0.31.0-32-g396128a36d (webtiles) character file.

Game seed: 17155220085769720879

4533 Hottabushka the Fighter (level 10, -6/136 HPs)
             Began as a Minotaur Berserker on Apr 10, 2024.
             Was a High Priest of Trog.
             Mangled by a two-headed ogre
             ... wielding a +0 giant club
              (13 damage)
             ... on level 9 of the Dungeon.
             The game lasted 00:20:21 (10223 turns).

Hottabushka the Fighter (Minotaur Berserker)       Turns: 10223, Time: 00:20:22

Health: -6/136     AC: 11    Str: 26    XL:     10   Next: 17%
Magic:  0/9        EV: 13    Int:  8    God:    Trog [*****.]
Gold:   97         SH:  0    Dex: 10    Spells: 9/9 levels left

rFire   x . .        y - +0 hand axe (venom)
rCold   + . .        (no shield)
rNeg    + . .        c - +1 ring mail {rN+}
rPois   .            (helmet restricted)
rElec   .            B - scarf {shadows}
rCorr   +            (no gloves)
SInv    .            (no boots)
Will    .....        H - amulet of guardian spirit Stlth
                     D - ring "Luuxusch" {Ice +Blink rCorr Int+4}
HPRegen 0.42/turn    q - +4 ring of protection
MPRegen 0.11/turn

%: guardian spirit
@: berserking, very quick
A: horns 2, retaliatory headbutt
a: Renounce Religion, Evoke Blink, Berserk, Trog's Hand, Brothers in Arms


You were on level 9 of the Dungeon.
You worshipped Trog.
Trog was extremely pleased with you.
You visited 1 branch of the dungeon, and saw 9 of its levels.

You collected 487 gold pieces.
You spent 390 gold pieces at shops.

Inventory:

Hand Weapons
 y - a +0 hand axe of venom (weapon)
 G - a +2 flail of holy wrath
Missiles
 u - a throwing net
Armour
 c - a +1 ring mail of positive energy (worn)
 n - a +0 cloak
 x - a +0 ring mail of fire resistance
 B - a scarf of shadows (worn)
Jewellery
 f - a ring of resist corrosion
 q - a +4 ring of protection (right hand)
 v - a +5 ring of evasion
 D - the ring "Luuxusch" (left hand) {Ice +Blink rCorr Int+4}
   (You found it on level 6 of the Dungeon)

   [ring of ice]

   Ice:       It enhances your ice magic.
   Int+4:     It affects your intelligence (+4).
   rF-:       It makes you vulnerable to fire.
   rC+:       It protects you from cold.
   +Blink:    It lets you blink.
   rCorr:     It protects you from acid and corrosion.
 H - an amulet of guardian spirit (around neck)
Wands
 o - a wand of flame (17) (quivered)
Scrolls
 d - 5 scrolls of teleportation
 g - 2 scrolls of noise
 i - 4 scrolls of immolation
 j - a scroll of silence
 p - a scroll of revelation {unknown}
 r - 2 scrolls of fear
 w - 2 scrolls of summoning
 C - 3 scrolls of enchant armour
 E - 2 scrolls of amnesia
 F - a scroll of blinking {unknown}
Potions
 a - a potion of degeneration {unknown}
 b - 6 potions of curing
 e - a potion of might {unknown}
 h - a potion of haste {unknown}
 k - 5 potions of lignification
 m - 3 potions of cancellation
 s - 2 potions of heal wounds
 t - a potion of berserk rage {unknown}
 z - a potion of magic {unknown}
 A - a potion of enlightenment {unknown}


   Skills:
 + Level 9.0 Fighting
 + Level 8.9 Axes
 + Level 8.5 Armour
 + Level 7.8 Dodging
 - Level 4.0 Shields
 + Level 4.2 Evocations


You had 9 spell levels left.
You didn't know any spells.
Your spell library was empty.

Dungeon Overview and Level Annotations

Branches:
Dungeon (9/15)             Temple (0/1) D:4
   Lair: D:8-11         Orc: D:9-12

Altars:
Cheibriados
Dithmenos
Elyvilon
Fedhas
Yredelemnul

Shops:
D:7 *

Annotations:
D:8 Gastronok, Joseph


Innate Abilities, Weirdness & Mutations

You have a pair of horns on your head.
You reflexively headbutt those who attack you in melee.


Message History

The orc wizard shouts!
You see here 4 stones.
Joseph shoots a sling bullet.
The sling bullet hits you!
You feel your power leaking away. The wyvern barely misses you.
You see here 4 large rocks.
Joseph shoots a sling bullet.
The sling bullet hits you!! The wyvern closely misses you.
You furiously retaliate!
You headbutt the wyvern. The wyvern attacks as it pursues you!
The wyvern barely misses you. The wyvern bites you!
The wyvern barely misses you. You furiously retaliate!
You headbutt the wyvern! The wyvern attacks as it pursues you!
The wyvern closely misses you. You furiously retaliate!
You headbutt the wyvern! The wyvern closely misses you.
You furiously retaliate!
You headbutt the wyvern!
You kill the wyvern!
Trog accepts your kill.
There is a stone staircase leading down here.
You climb downwards.
The two-headed ogre shouts in stereo!
There is a stone staircase leading up here.
The two-headed ogre closely misses you.
The two-headed ogre hits you with a +0 giant club!
You hit the two-headed ogre.
You headbutt the two-headed ogre, but do no damage.
The two-headed ogre is lightly wounded.
You hit the two-headed ogre. You headbutt the two-headed ogre!
The two-headed ogre is moderately wounded.
The two-headed ogre barely misses you.
The two-headed ogre hits you with a +0 giant club!
* * * LOW HITPOINT WARNING * * *
You hit the two-headed ogre.
The two-headed ogre is poisoned.
The two-headed ogre is moderately wounded.
A red film seems to cover your vision as you go berserk!
You feel yourself moving faster!
You feel mighty!
The two-headed ogre hits you with a +0 giant club!!
* * * LOW HITPOINT WARNING * * *
The two-headed ogre hits you with a +0 giant club!
You die...

#.# #.#
#.# #.#
#.#
...###.##
......<@#
##.#.###O#
.. #.# #.
.# .. # #


You could see a two-headed ogre (very poisoned).

Vanquished Creatures
  Pikel (D:5)
  3 wyverns
  A wraith (D:6)
  A steam dragon (D:8)
  A water moccasin (D:6)
  3 ice beasts
  3 sky beasts
  2 black bears
  2 ogres
  A centaur (D:8)
  A lemure (D:5)
  2 phantoms
  A kobold brigand (D:6)
  4 bullfrogs
  3 scorpions
  9 wights
  A howler monkey (D:7)
  4 jellies
  3 bombardier beetles
  6 hounds
  3 gnoll boudas
  3 orc priests
  Crazy Yiuf (D:2)
  3 iguanas
  Jessica (D:2)
  4 orc wizards
  Robin (D:3)
  13 gnolls
  9 adders
  2 shadow imps
  3 white imps
  4 ufetubi (D:6)
  4 dart slugs
  16 orcs
  6 bats
  5 endoplasms
  A giant cockroach (D:3)
  14 goblins
  8 hobgoblins
  2 jackals (D:2)
  5 quokkas
  4 ball pythons
  2 frilled lizards
  10 kobolds
  8 rats
184 creatures vanquished.

Notes
Turn   | Place    | Note
-------+----------+-------------------------------------------
     0 | D:1      | Hottabushka the Minotaur Berserker began the quest for the
                  | Orb.
     0 | D:1      | Reached XP level 1. HP: 19/19 MP: 0/0
   109 | D:1      | Reached XP level 2. HP: 23/27 MP: 1/1
   355 | D:1      | Reached skill level 1 in Shields
   371 | D:1      | Reached ** piety under Trog
   667 | D:2      | Reached XP level 3. HP: 33/33 MP: 2/2
   670 | D:2      | Reached skill level 4 in Fighting
   779 | D:2      | Reached XP level 4. HP: 40/40 MP: 3/3
   951 | D:2      | Noticed Jessica
   956 | D:2      | Killed Jessica
  1088 | D:2      | Found a runed translucent door.
  1089 | D:2      | Noticed Crazy Yiuf
  1474 | D:2      | Killed Crazy Yiuf
  1475 | D:2      | Reached XP level 5. HP: 47/47 MP: 4/4
  1693 | D:3      | Found a white marble altar of Elyvilon.
  1914 | D:3      | Reached *** piety under Trog
  1916 | D:3      | Noticed Robin
  1926 | D:3      | Killed Robin
  2822 | D:4      | Found a snail-covered altar of Cheibriados.
  2872 | D:4      | Reached XP level 6. HP: 55/55 MP: 5/5
  2930 | D:4      | Found a staircase to the Ecumenical Temple.
  3130 | D:4      | Reached skill level 5 in Fighting
  3130 | D:4      | Reached skill level 5 in Axes
  3536 | D:4      | Found a blossoming altar of Fedhas.
  3623 | D:4      | Reached XP level 7. HP: 61/61 MP: 6/6
  3839 | D:4      | Reached **** piety under Trog
  4053 | D:5      | Entered Level 5 of the Dungeon
  4060 | D:5      | Reached skill level 5 in Armour
  4150 | D:5      | Reached skill level 6 in Fighting
  4238 | D:5      | Noticed Pikel
  4249 | D:5      | Killed Pikel
  4250 | D:5      | Reached skill level 5 in Dodging
  4250 | D:5      | Reached XP level 8. HP: 71/71 MP: 7/7
  5583 | D:6      | Reached skill level 7 in Fighting
  5592 | D:6      | Reached skill level 1 in Evocations
  5984 | D:6      | Reached XP level 9. HP: 37/79 MP: 8/8
  6650 | D:6      | Identified the ring "Luuxusch" {Ice +Blink rCorr Int+4}
  7143 | D:6      | Reached skill level 8 in Fighting
  7531 | D:6      | Found a basalt altar of Yredelemnul.
  7768 | D:7      | Found a shadowy altar of Dithmenos.
  8036 | D:7      | Reached ***** piety under Trog
  8853 | D:7      | Reached XP level 10. HP: 66/90 MP: 9/9
  9375 | D:7      | Found Qomawny's Neck Hole.
  9382 | D:7      | Bought an amulet of guardian spirit for 390 gold pieces
  9869 | D:8      | Reached skill level 9 in Fighting
 10198 | D:8      | Noticed Joseph
 10202 | D:8      | Noticed Gastronok
 10218 | D:9      | Noticed a two-headed ogre
 10223 | D:9      | Mangled by a two-headed ogre

Illustrated notes

Levels and vault maps discovered:
D:1:      dpeg_arrival_rooms_with_view, layout_loops_ring
D:2:      layout_loops_ring, uniq_jessica, uniq_crazy_yiuf_cottage
D:3:      layout_loops_ring, elyvilon_altar_1, uniq_robin
D:4:      layout_basic, kennysheep_slug_shrine, general_overflow_altar,
          minmay_temple_entry_trees, serial_library_hellmonk_u_bend
D:5:      layout_layer_cave, uniq_pikel
D:6:      minmay_diamond_boxcup, layout_cave_pools, kennysheep_mini,
          minmay_alternating_orb
D:7:      layout_basic, mainiacjoe_overflow_boulevard,
          nicolae_shop_sticking_my_neck_out
D:8:      minmay_klotski, layout_rooms, david_lair_shrubbed,
          serial_library_hellmonk_small_alcove, minmay_sticks_and_stones,
          uniq_gastronok
D:9:      layout_loops_ring, nrook_loot_triangle, nicolae_straight_to_the_point,
          uniq_prince_ribbit1

Skill      XL: |  1  2  3  4  5  6  7  8  9 10 |
---------------+-------------------------------+-----
Shields        | 1 2 3 4 |  4.0
Axes           | 4 5 6 7 8 |  8.9
Fighting       | 4 5 6 7 8 9 |  9.0
Armour         | 3 4 6 8 |  8.5
Dodging        | 3 4 5 6 7 |  7.8
Evocations     | 2 3 4 |  4.2

Action                     |  1- 3 |  4- 6 |  7- 9 | 10-12 || total
---------------------------+-------+-------+-------+-------++-------
  Melee: Hand axe          |    76 |   145 |   242 |    31 ||   494
         Headbutt          |    11 |    28 |    57 |    10 ||   106
         Punch             |       |     1 |     6 |     1 ||     8
         Flail             |       |       |     8 |       ||     8
 Invoke: Berserk           |     1 |     3 |     5 |     2 ||    11
Ability: Evoke Blink       |       |       |     3 |       ||     3
  Evoke: Wand              |       |       |     1 |       ||     1
    Use: Scroll            |       |       |     8 |     5 ||    13
         Potion            |       |       |     2 |       ||     2
 Armour: Ring mail         |    42 |    98 |   167 |    38 ||   345
         Animal skin       |     3 |       |       |       ||     3
  Dodge: Dodged            |    48 |    67 |   176 |    26 ||   317
